AoeStats
← [JaMx] K@l-El

Lombardia

509249990Analyzed
4v4 RM · 7d ago on Sep 26, 2026· 27m 49s· 8 players
Game mode
Random Map
Map size
Large (8 player)
Population
200
Speed
Normal
Resources
Standard
Victory
Conquest
Starting age
Dark Age
Ending age
Imperial Age
RankedLock teamsTeams togetherTeam positionsShared explorationLock speedFull tech treeHidden civsTurbo modeCheats
Victory
Defeat
🇲🇽 Persians · Mexico
1400
+15
🇲🇽 Varangians · Mexico
1343
+17
🇵🇪 Berbers · Peru
1335
+17
🇲🇽 Byzantines · Mexico
1331
+17
🇨🇦 Danes · Canada
1473
-20
🇺🇸 Italians · United States
1365
-17
🇨🇦 Berbers · Canada
1347
-16
🇺🇸 Persians · United States
1272
-13
[JaMx] McLovin
6:25 Loom
6:49 Loom
8:51 Feudal Age
8:09 Loom
8:17 Loom
12:16 Scale Barding Armor
13:26 Forging
14:49 Bloodlines
16:16 Wheelbarrow
23:03 Castle Age
23:50 Husbandry
25:15 Iron Casting
[JaMx] K@l-El
6:12 Loom
9:07 Feudal Age
9:33 Double-Bit Axe
14:48 Forging
18:01 Wheelbarrow
20:20 Castle Age
18:29 Scale Barding Armor
19:06 Bloodlines
20:04 Horse Collar
22:46 Iron Casting
22:27 Bow Saw
25:40 Chain Barding Armor
26:33 Husbandry
Ananda
8:12 Loom
11:33 Feudal Age
17:06 Castle Age
15:23 Double-Bit Axe
16:36 Horse Collar
18:03 Bow Saw
19:51 Heavy Plow
21:25 Gold Mining
22:43 Fervor
24:39 Wheelbarrow
26:06 Stone Mining
29:41 Imperial Age
VZ | El Perrosor
9:14 Feudal Age
10:46 Double-Bit Axe
11:42 Horse Collar
13:13 Forging
13:14 Loom
21:00 Castle Age
19:25 Stone Mining
20:05 Gold Mining
21:55 Wheelbarrow
22:56 Stone Shaft Mining
22:24 Fletching
24:18 Bow Saw
24:11 Bodkin Arrow
27:23 Husbandry
27:54 Bloodlines
zhazhahui
12:05 Feudal Age
20:41 Castle Age
18:53 Horse Collar
19:09 Gold Mining
19:07 Double-Bit Axe
21:56 Bow Saw
23:03 Gold Shaft Mining
27:51 Husbandry
28:01 Bloodlines
27:58 Scale Barding Armor
28:04 Forging
WhY.So.SeRiOuS
8:11 Loom
10:02 Feudal Age
14:13 Castle Age
14:01 Forging
15:01 Loom
Minomone
5:15 Loom
11:56 Feudal Age
16:32 Castle Age
16:51 Double-Bit Axe
16:49 Horse Collar
25:27 Heavy Plow
25:00 Pikeman
25:42 Squires
鸭子
10:20 Feudal Age
12:47 Loom
19:15 Castle Age
17:50 Double-Bit Axe
22:43 Stone Mining
25:30 Bow Saw
Connection lost

Rejoining the realm…

Still unreachable

The connection could not be restored.

Session expired

The server has moved on; the page needs a fresh start.